 Dungeon Crawl Stone Soup version 0.25-a0-737-g26c3a87c45 (webtiles) character file.

Game seed: 15574217121424864803, levelgen mode: deterministic

107 Maedhros the Sneak (level 4, -2/28 HPs)
             Began as an Octopode Artificer on Apr 12, 2020.
             Was a Follower of Sif Muna.
             Slain by an orc wizard
             ... wielding a +0 dagger
              (3 damage)
             ... on level 3 of the Dungeon.
             The game lasted 00:02:49 (2939 turns).

Maedhros the Sneak (Octopode Artificer)             Turns: 2939, Time: 00:02:50

Health: -2/28      AC:  1    Str:  8 (11) XL:     4   Next: 85%
Magic:  6/6        EV: 13    Int: 10 (13) God:    Sif Muna [*.....]
Gold:   164        SH:  0    Dex: 10 (13) Spells: 3/3 levels left

rFire    . . .     SeeInvis .   a - +0 short sword
rCold    . . .     Gourm    .   (no shield)
rNeg     . . .     Faith    .   (helmet restricted)
rPois    .         Spirit   .   (no amulet)
rElec    .         Reflect  .   (no ring)
rCorr    .         Harm     .   (no ring)
MR       .....                  (no ring)
Stlth    +++.......             (no ring)
HPRegen  0.09/turn              (no ring)
MPRegen  0.10/turn              (no ring)
                                (no ring)
                                (no ring)

@: no status effects
A: almost no armour, stealthy swim, amphibious, 8 rings, constrict 8, camouflage
1, gelatinous body 1
a: Channel Magic, Renounce Religion


You were on level 3 of the Dungeon.
You worshipped Sif Muna.
Sif Muna was aware of your devotion.
You were not hungry.

You visited 1 branch of the dungeon, and saw 3 of its levels.

You collected 164 gold pieces.

Inventory:

Hand Weapons
 a - a +0 short sword (weapon)
Wands
 b - a wand of flame (15)
 c - a wand of enslavement (13)
 d - a wand of random effects (14)
Scrolls
 e - 2 scrolls of remove curse {unknown}
 g - 3 scrolls of teleportation {unknown}
 i - 3 scrolls of blinking {unknown}
 l - 5 scrolls of identify {unknown}
 m - a scroll of magic mapping {unknown}
 n - 4 scrolls of amnesia {unknown}
 p - a scroll of fear {unknown}
 s - a scroll of enchant weapon {unknown}
Potions
 h - 2 potions of degeneration
 j - 2 potions of lignification {unknown}
 k - a potion of flight {unknown}
 o - 3 potions of curing {unknown}
 q - a potion of heal wounds {unknown}
 r - 2 potions of cancellation {unknown}
 t - a potion of mutation {unknown}
Comestibles
 f - 5 rations


   Skills:
 - Level 1.0 Fighting
 - Level 1.0 Short Blades
 - Level 2.0 Dodging
 + Level 4.6 Stealth
 + Level 2.9 Unarmed Combat
 - Level 3.2 Evocations


You had 3 spell levels left.
You didn't know any spells.
Your spell library was empty.

Dungeon Overview and Level Annotations

Branches:
Dungeon (3/15)

Altars:
Sif Muna
Wu Jian


Innate Abilities, Weirdness & Mutations

You cannot wear most types of armour.
You are very stealthy in the water. (Stealth+)
You are amphibious.
You can wear up to eight rings at the same time.
You can use your tentacles to constrict eight enemies at once.
Your skin changes colour to match your surroundings (Stealth+).
Your rubbery body absorbs attacks. (AC +1, EV +1)


Message History

You hit the orc wizard but do no damage.
The orc wizard is lightly wounded.
You constrict the orc wizard.
The orc wizard hits you with a +0 dagger.
You hit the orc wizard but do no damage.
You squeeze the orc wizard.
The orc wizard is moderately wounded.
You constrict the orc wizard.
The orc wizard casts a spell.
The orc wizard flickers and vanishes!
Deactivating autopickup; reactivate with Ctrl-A.
You hit something. You squeeze something. You constrict something.
Something hits you.
You barely miss something. You constrict something.
You hear some strange, mumbled words.
A magic dart appears from out of thin air!
The magic dart hits you!
* * * LOW HITPOINT WARNING * * *
You barely miss something. You constrict something. Something hits you.
You die...

#.#
#...###############.
.#
#...'.........#####.
#...#########.......
##### ###.#..#
######## #...#
#.#..# #...# #.#..#
#...# #.#..# #...#
#######'#..# #...#
.......@...#######
###...##
.......{.....).).#
.......#
.........#.#####o#
....##.#
.........'.# #
....##.#
.........###
....##.# ..........
....##.# ..........
....##.# ######.....
....##.# #...


There were no monsters in sight!

Vanquished Creatures
  An orc wizard (D:3)
  3 adders
  2 dart slugs (D:1)
  An orc (D:3)
  5 bats
  4 goblins
  6 hobgoblins
  3 jackals (D:1)
  A quokka (D:2)
  3 ball pythons
  4 frilled lizards (D:2)
  6 kobolds
  A rat (D:2)
40 creatures vanquished.

Vanquished Creatures (collateral kills)
  2 orcs (D:3)
  A bat (D:1)
3 creatures vanquished.

Vanquished Creatures (others)
  A jackal (D:1)
1 creature vanquished.

Grand Total: 44 creatures vanquished

Notes
Turn   | Place    | Note
-------+----------+-------------------------------------------
     0 | D:1      | Maedhros the Octopode Artificer began the quest for the
                  | Orb.
     0 | D:1      | Reached XP level 1. HP: 13/13 MP: 3/3
   144 | D:1      | Reached skill level 2 in Stealth
   154 | D:2      | Found a faded altar of an unknown god.
   162 | D:2      | Became a worshipper of Sif Muna the Loreminder
   162 | D:2      | Reached * piety under Sif Muna
   165 | D:2      | Reached skill level 1 in Unarmed Combat
   165 | D:2      | Reached XP level 2. HP: 7/18 MP: 4/4
   928 | D:1      | Reached skill level 3 in Stealth
   928 | D:1      | Reached XP level 3. HP: 14/23 MP: 5/5
  2183 | D:3      | Reached skill level 4 in Stealth
  2183 | D:3      | Reached XP level 4. HP: 24/28 MP: 6/6
  2636 | D:3      | Found an ornate altar of the Wu Jian Council.
  2938 | D:3      | HP: 1/28 [something/magic dart (10)]
  2939 | D:3      | Slain by an orc wizard

Levels and vault maps discovered:
D:1:      elethiomel_arrival_infinity_welcomes_careful_drivers,
          layout_loops_ring, amethyst_killhole, chequers_serial_rivers_micro_b,
          minmay_box_of_dots
D:2:      layout_loops_corners, chequers_ecumenical_altar_simple_redux
D:3:      layout_basic, overflow_temple_1_default, first_ration

Skill      XL: |  1  2  3 |
---------------+----------+-----
Stealth        | 2 3 4 |  4.6
Unarmed Combat | 1 2 |  2.9
Fighting       | |  1.0
Short Blades   | |  1.0
Dodging        | |  2.0
Evocations     | |  3.2

Action                   |  1- 3 |  4- 6 || total
-------------------------+-------+-------++-------
Melee: Short sword       |    83 |    28 ||   111
       Constrict         |    26 |     3 ||    29
       Tentacles         |     7 |     5 ||    12
Evoke: Wand              |     1 |     2 ||     3
  Use: Potion            |       |     1 ||     1
 Stab: Sleeping          |     2 |       ||     2
       Distracted        |     1 |       ||     1
  Eat: Chunk             |     3 |       ||     3
       Ration            |       |     1 ||     1
Armor: Skin              |    20 |     1 ||    21
Dodge: Dodged            |    68 |     8 ||    76

Table legend:
 A = Non-vault XP
 B = Vault XP
 C = Vault XP percentage of total XP
 D = Non-vault monster count
 E = Vault monster count
 F = Vault count percentage of total count
                 A         B        C        D         E       F
            +---------+---------+-------+---------+---------+-------
      Total |     142 |      11 |   7.2 |      38 |       5 |  11.6
            +---------+---------+-------+---------+---------+-------
        D:1 |      28 |      11 |  28.2 |      15 |       5 |  25.0
        D:2 |      33 |       0 |   0.0 |      14 |       0 |   0.0
        D:3 |      81 |       0 |   0.0 |       9 |       0 |   0.0
            +---------+---------+-------+---------+---------+-------
